 Dungeon Crawl Stone Soup version 0.30-b1-5-g8e6c1be481 (webtiles) character file.

Game seed: 125128197304516497

2347 DocClef the Blocker (level 9, -1/46 (74) HPs)
             Began as a Gnoll Fighter on May 4, 2023.
             Was an Initiate of Hepliaklqana.
             Slain by a wight
             ... wielding a +0 flail
              (3 damage)
             ... on level 6 of the Dungeon.
             The game lasted 00:11:28 (7943 turns).

DocClef the Blocker (Gnoll Fighter)                 Turns: 7943, Time: 00:11:28

HP:   -1/46 (74)    AC: 13    Str: 21    XL:     9   Next: 43%
MP:   15/15         EV:  9    Int:  7    God:    Hepliaklqana [......]
Gold: 353           SH:  5    Dex: 11    Spells: 16/16 levels left

rFire   . . .        k - +1 short sword (venom)
rCold   + . .        c - +0 buckler
rNeg    . . .        q - +0 chain mail
rPois   .            (no helmet)
rElec   .            p - +0 cloak
rCorr   .            o - +0 pair of gloves
SInv    .            (no boots)
Will    .....        (no amulet) Stlth
                     B - ring of protection from cold
HPRegen 0.27/turn    (no ring)
MPRegen 0.14/turn

%: no passive effects
@: very heavily drained
A: fangs 1, strong nose, distributed training
a: Renounce Religion


You were on level 6 of the Dungeon.
You worshipped Hepliaklqana.
Hepliaklqana was noncommittal.
You visited 2 branches of the dungeon, and saw 8 of its levels.
You also visited: Ossuary.

You collected 353 gold pieces.

Inventory:

Hand Weapons
 a - a +0 war axe
 k - a +1 short sword of venom (weapon)
 r - a +2 short sword of draining
 w - a +4 executioner's axe
 E - a +1 heavy shortbow
Armour
 c - a +0 buckler (worn)
 o - a +0 pair of gloves (worn)
 p - a +0 cloak (worn)
 q - a +0 chain mail (worn)
Jewellery
 B - a ring of protection from cold (left hand)
Wands
 D - a wand of charming (5)
Scrolls
 g - 12 scrolls of identify
 h - 4 scrolls of enchant weapon
 l - a scroll of magic mapping
 n - 4 scrolls of teleportation {unknown}
 t - 2 scrolls of enchant armour {unknown}
 v - 2 scrolls of fog {unknown}
 x - 3 scrolls of vulnerability {unknown}
 y - 2 scrolls of poison {unknown}
 A - a scroll of summoning {unknown}
Potions
 b - 2 potions of attraction {unknown}
 d - a potion of lignification {unknown}
 e - a potion of mutation
 i - 2 potions of heal wounds {unknown}
 j - 6 potions of curing {unknown}
 m - a potion of degeneration {unknown}
 s - 3 potions of brilliance {unknown}
 u - a potion of invisibility {unknown}
 z - a potion of might
 C - a potion of ambrosia {unknown}


   Skills:
 + Level 8.0 Fighting
 + Level 4.4 Short Blades
 + Level 4.4 Long Blades
 + Level 6.4 Axes
 + Level 4.4 Maces & Flails
 + Level 4.4 Polearms
 + Level 4.4 Staves
 + Level 4.4 Ranged Weapons
 + Level 4.4 Throwing
 + Level 8.0 Armour
 + Level 4.4 Dodging
 + Level 4.4 Stealth
 + Level 8.0 Shields
 + Level 4.4 Unarmed Combat
 + Level 4.4 Spellcasting
 + Level 3.6 Conjurations
 + Level 3.6 Hexes
 + Level 3.6 Summonings
 + Level 3.6 Necromancy
 + Level 3.6 Translocations
 + Level 3.6 Transmutations
 + Level 3.6 Fire Magic
 + Level 3.6 Ice Magic
 + Level 3.6 Air Magic
 + Level 3.6 Earth Magic
 + Level 3.6 Poison Magic
 + Level 4.8 Invocations
 + Level 4.4 Evocations


You had 16 spell levels left.
You didn't know any spells.
Your spell library contained the following spells:

 Spells                   Type           Power      Damage    Failure   Level
 Magic Dart               Conj           24%        1d4       43%         1
 Call Imp                 Summ           12%        N/A       56%         2
 Mephitic Cloud           Conj/Pois/Air  6%         N/A       80%         3


Dungeon Overview and Level Annotations

Branches:
Dungeon (7/15)             Temple (1/1) D:6         Ossuary (visited)

Altars:
Ashenzari
Dithmenos
Elyvilon
Gozag
Hepliaklqana
Kikubaaqudgha
Okawaru
Qazlal
Ru
Trog
Uskayaw
Vehumet
Wu Jian
Xom
Yredelemnul
Zin
The Shining One

Shops:
D:1 [

Annotations:
D:3 2 runed translucent doors
D:5 3 runed translucent doors, Jase's ghost, novice MiFi


Innate Abilities, Weirdness & Mutations

You have very sharp teeth.
Your uncanny sense of smell can sniff out nearby items.
Your experience applies equally to all skills.


Message History

The wight is almost destroyed.
You block the wight's attack.
You hit the wight but do no damage.
The wight is almost destroyed.
You closely miss the wight.
The wight is almost destroyed.
The wight hits you but does no damage.
You hit the wight but do no damage.
The wight is almost destroyed.
The wight barely misses you.
You barely miss the wight.
The wight is almost destroyed.
The wight hits you but does no damage.
You closely miss the wight. You bite the wight, but do no damage.
The wight is almost destroyed.
The wight closely misses you.
You barely miss the wight. Your bite misses the wight.
The wight is almost destroyed.
You hit the wight but do no damage. You bite the wight, but do no damage.
The wight is almost destroyed.
The wight hits you with a +0 flail!
* * * LOW HITPOINT WARNING * * *
You feel drained.
* * * LOW HITPOINT WARNING * * *
You hit the wight.
The wight is almost destroyed.
The wight hits you but does no damage.
You barely miss the wight.
The wight is almost destroyed.
The wight misses you.
Unknown command.
You hit the wight but do no damage.
The wight is almost destroyed.
The wight completely misses you.
You hit the wight but do no damage. You bite the wight, but do no damage.
The wight is almost destroyed.
You barely miss the wight.
The wight is almost destroyed.
The wight hits you with a +0 flail.
You die...

###..### ##.....#### ####
#...#.###.## #..# ##..#..##..###
##..## ########..#...#...#.##
.....# ##....#.#..#...#......#
....## #...#.....###.........#
.....###..##.....##.....#....##
#......##.##....@z......###...##
#....##...#....#[...##..# #....#
#.....#...#..###........###..####
'.....#......####......##......#.
#...........#.###.......#...<....
#...............#................
##...............................
..........##.....#......#.....#..
...>.......#....#####.###...<##..


You could see a wight.

Vanquished Creatures
  Grinder (D:6)
  2 black bears
  An ice beast (D:6)
  An ogre (D:6)
  2 centaurs
  2 elf zombies (Ossuary)
  A gnoll sergeant (D:4)
  4 scorpions
  3 wights
  A bullfrog zombie (D:5)
  3 centaur zombies (Ossuary)
  5 hounds
  A jelly (D:6)
  2 orc priests (D:5)
  2 sleepcaps (D:6)
  Terence (D:2)
  2 iguanas
  7 orc wizards
  2 mummies (Ossuary)
  7 gnolls (D:4)
  11 adders
  2 white imps
  An ufetubus (D:4)
  4 adder zombies
  3 worms
  3 dart slugs
  34 orcs
  8 ball pythons
  3 bats
  7 endoplasms
  2 giant cockroaches
  5 goblins
  8 hobgoblins
  12 kobolds
  3 quokkas
  3 frilled lizards
  A goblin zombie (Ossuary)
  9 hobgoblin zombies (Ossuary)
  A jackal zombie (Ossuary)
  8 kobold zombies (Ossuary)
  10 orc zombies (Ossuary)
  2 rats
190 creatures vanquished.

Vanquished Creatures (others)
  13 plants (D:4)
13 creatures vanquished.

Grand Total: 203 creatures vanquished

Notes
Turn   | Place    | Note
-------+----------+-------------------------------------------
     0 | D:1      | DocClef the Gnoll Fighter began the quest for the Orb.
     0 | D:1      | Reached XP level 1. HP: 23/23 MP: 1/1
   128 | D:1      | Reached XP level 2. HP: 26/29 MP: 2/2
   213 | D:1      | Found Itil's Armour Shoppe.
   477 | D:1      | Reached XP level 3. HP: 35/35 MP: 3/3
  1051 | D:2      | Reached skill level 1 in Invocations
  1131 | D:2      | Reached skill level 1 in Short Blades
  1131 | D:2      | Reached skill level 1 in Long Blades
  1131 | D:2      | Reached skill level 1 in Maces & Flails
  1131 | D:2      | Reached skill level 1 in Polearms
  1131 | D:2      | Reached skill level 1 in Staves
  1131 | D:2      | Reached skill level 1 in Ranged Weapons
  1131 | D:2      | Reached skill level 1 in Throwing
  1131 | D:2      | Reached skill level 1 in Dodging
  1131 | D:2      | Reached skill level 1 in Stealth
  1131 | D:2      | Reached skill level 1 in Unarmed Combat
  1131 | D:2      | Reached skill level 1 in Spellcasting
  1131 | D:2      | Reached skill level 1 in Evocations
  1346 | D:2      | Reached XP level 4. HP: 41/41 MP: 5/5
  1489 | D:2      | Noticed Terence
  1496 | D:2      | Killed Terence
  1497 | D:2      | Reached skill level 1 in Conjurations
  1497 | D:2      | Reached skill level 1 in Hexes
  1497 | D:2      | Reached skill level 1 in Summonings
  1497 | D:2      | Reached skill level 1 in Necromancy
  1497 | D:2      | Reached skill level 1 in Translocations
  1497 | D:2      | Reached skill level 1 in Transmutations
  1497 | D:2      | Reached skill level 1 in Fire Magic
  1497 | D:2      | Reached skill level 1 in Ice Magic
  1497 | D:2      | Reached skill level 1 in Air Magic
  1497 | D:2      | Reached skill level 1 in Earth Magic
  1497 | D:2      | Reached skill level 1 in Poison Magic
  1618 | D:3      | Found a shadowy altar of Dithmenos.
  1642 | D:2      | Reached XP level 5. HP: 47/47 MP: 5/7
  2052 | D:3      | Reached XP level 6. HP: 53/53 MP: 8/8
  2284 | D:3      | Found a large runed translucent door.
  2285 | D:3      | Found a large runed translucent door.
  2488 | D:4      | Reached skill level 5 in Axes
  2593 | D:4      | Found a radiant altar of Vehumet.
  2605 | D:4      | Found a sand-covered staircase.
  2622 | Ossuary  | Entered an ossuary
  2815 | Ossuary  | Reached XP level 7. HP: 56/60 MP: 10/10
  4266 | D:5      | Entered Level 5 of the Dungeon
  4350 | D:5      | Found a runed translucent gate.
  4350 | D:5      | Found a runed translucent gate.
  4350 | D:5      | Found a runed translucent gate.
  4350 | D:5      | Noticed Jase's ghost (novice MiFi)
  4352 | D:5      | Found a basalt altar of Yredelemnul.
  4432 | D:5      | Reached XP level 8. HP: 67/67 MP: 12/12
  5895 | D:6      | Reached XP level 9. HP: 47/73 MP: 14/14
  6358 | D:6      | Noticed Grinder
  6394 | D:6      | Killed Grinder
  6515 | D:6      | Found a staircase to the Ecumenical Temple.
  6631 | Temple   | Entered the Ecumenical Temple
  6833 | Temple   | Became a worshipper of Hepliaklqana the Forgotten
  7938 | D:6      | HP: 2/48 [wight/+0 flail (8)]
  7943 | D:6      | Slain by a wight

Illustrated notes

Levels and vault maps discovered:
D:1:      lightli_arrival_flooded_house, layout_basic, serial_shops, shop
D:2:      layout_rooms, uniq_terence
D:3:      layout_rooms, nicolae_dithmenos_shadow_blocks, jmf_multi_god_temple2,
          minmay_snake_closets
D:4:      layout_layer_cave, nicolae_vehumet_radiance,
          nicolae_ossuary_entry_monument, nicolae_grassy_gnolls
D:5:      layout_loops_corners, nicolae_yredelemnul_ghost_church
D:6:      layout_cave_pools, minmay_temple_entry_glassed_door, uniq_grinder
D:7:      minmay_the_grid_triangle_9x9_rhombus_full
          [minmay_the_grid_triangle_9x9_corrupted_corridor,
          minmay_the_grid_triangle_9x9_empty,
          minmay_the_grid_triangle_9x9_semitri,
          minmay_the_grid_triangle_9x9_windchime,
          minmay_the_grid_triangle_9x9_empty,
          minmay_the_grid_triangle_9x9_pentomino_pain,
          minmay_the_grid_triangle_9x9_stretched_checkered,
          minmay_the_grid_triangle_9x9_prize_top_heavy], layout_loops_cross,
          mainiacjoe_overflow_brackets, uniq_crazy_yiuf_cottage, uniq_joseph
Temple:   nicolae_temple_bog_church

Skill      XL: |  1  2  3  4  5  6  7  8  9 |
---------------+----------------------------+-----
Invocations    | 1 2 3 4 |  4.8
Short Blades   | 1 2 3 4 |  4.4
Long Blades    | 1 2 3 4 |  4.4
Maces & Flails | 1 2 3 4 |  4.4
Polearms       | 1 2 3 4 |  4.4
Staves         | 1 2 3 4 |  4.4
Ranged Weapons | 1 2 3 4 |  4.4
Throwing       | 1 2 3 4 |  4.4
Dodging        | 1 2 3 4 |  4.4
Stealth        | 1 2 3 4 |  4.4
Unarmed Combat | 1 2 3 4 |  4.4
Spellcasting   | 1 2 3 4 |  4.4
Evocations     | 1 2 3 4 |  4.4
Conjurations   | 1 2 3 |  3.6
Hexes          | 1 2 3 |  3.6
Summonings     | 1 2 3 |  3.6
Necromancy     | 1 2 3 |  3.6
Translocations | 1 2 3 |  3.6
Transmutations | 1 2 3 |  3.6
Fire Magic     | 1 2 3 |  3.6
Ice Magic      | 1 2 3 |  3.6
Air Magic      | 1 2 3 |  3.6
Earth Magic    | 1 2 3 |  3.6
Poison Magic   | 1 2 3 |  3.6
Axes           | 5 6 |  6.4
Fighting       | 7 8 |  8.0
Armour         | 7 8 |  8.0
Shields        | 7 8 |  8.0

Action                     |  1- 3 |  4- 6 |  7- 9 || total
---------------------------+-------+-------+-------++-------
  Melee: War axe           |    51 |       |       ||    51
         Bite              |     7 |    30 |    94 ||   131
         Short sword       |    39 |   305 |   656 ||  1000
    Use: Scroll            |       |     4 |     1 ||     5
         Potion            |       |     1 |       ||     1
 Armour: Scale mail        |    32 |     4 |       ||    36
         Chain mail        |       |   198 |   328 ||   526
  Dodge: Dodged            |    31 |   137 |   241 ||   409
  Block: Buckler           |    26 |    98 |   150 ||   274
